 Dungeon Crawl Stone Soup version 0.19.5 (webtiles) character file.

114 Shoikan the Cudgeler (level 4, -4/39 HPs)
             Began as a Minotaur Berserker on Mar 10, 2017.
             Was a Believer of Trog.
             Slain by a gnoll
             ... wielding a +0 club
              (9 damage)
             ... on level 2 of the Dungeon.
             The game lasted 00:09:37 (1880 turns).

Shoikan the Cudgeler (Minotaur Berserker)           Turns: 1880, Time: 00:09:38

Health: -4/39      AC:  4    Str: 21    XL:     4   Next: 67%
Magic:  3/3        EV: 11    Int:  4    God:    Trog [**....]
Gold:   170        SH:  3    Dex: 11    Spells: 0 memorised, 3 levels left

rFire  . . .     SeeInvis .     a - +0 mace
rCold  . . .     Gourm    .     t - +0 leather armour
rNeg   . . .     Faith    .     s - +0 buckler
rPois  .         Spirit   .     (helmet restricted)
rElec  .         Reflect  .     (no cloak)
rCorr  .         Harm     .     (no gloves)
MR     .....                    b - +0 pair of boots
Stlth  +.........               (no amulet)
                                (no ring)
                                (no ring)

@: no status effects
A: retaliatory headbutt, horns 2
a: Berserk, Trog's Hand, Burn Spellbooks, Renounce Religion


You were on level 2 of the Dungeon.
You worshipped Trog.
Trog was pleased with you.
You were not hungry.

You visited 1 branch of the dungeon, and saw 2 of its levels.

You collected 170 gold pieces.

Inventory:

Hand Weapons
 a - a +0 mace (weapon)
Armour
 b - a +0 pair of boots (worn)
 s - a +0 buckler (worn)
 t - a +0 leather armour (worn)
Scrolls
 d - 2 scrolls of immolation
 e - a scroll of recharging {unknown}
 f - 2 scrolls of remove curse {unknown}
 g - a scroll of random uselessness {unknown}
 h - a scroll of enchant armour {unknown}
 n - 2 scrolls of teleportation {unknown}
 q - a scroll of identify
 r - a scroll of fear {unknown}
Potions
 j - 4 potions of heal wounds
 k - 2 potions of haste {unknown}
 m - a potion of flight {unknown}
 o - a potion of brilliance {unknown}
 p - 2 potions of magic
Comestibles
 c - a bread ration
 i - 2 meat rations
 l - 3 chunks of flesh


   Skills:
 - Level 3.6 Fighting
 + Level 6.4 Maces & Flails
 - Level 2.4 Armour
 - Level 2.1 Dodging
 + Level 0.8 Stealth


You had 3 spell levels left.
You didn't know any spells.

Dungeon Overview and Level Annotations

Branches:
Dungeon (2/15)

Altars:


Innate Abilities, Weirdness & Mutations

You reflexively headbutt those who attack you in melee.
You have a pair of horns on your head.


Message History

The gnoll hits you but does no damage.
You barely miss the gnoll.
The gnoll is lightly wounded.
The gnoll hits you but does no damage.
You hit the gnoll. Your headbutt misses the gnoll.
The gnoll is moderately wounded.
The gnoll hits you with a club!
* * * LOW HITPOINT WARNING * * *
You barely miss the gnoll.
The gnoll is moderately wounded.
The gnoll hits you with a club.
* * * LOW HITPOINT WARNING * * *
You closely miss the gnoll.
The gnoll is moderately wounded.
The gnoll hits you with a club.
* * * LOW HITPOINT WARNING * * *
You hit the gnoll. Your headbutt misses the gnoll.
The gnoll is heavily wounded.
The gnoll hits you with a club!
You die...

#.# ..##........#.#.#
#####)##########........#.#.#
#.........................#.#
#..........#####........###
#..............#........# .#
#########......########.###.#
#......# #..##.# #......#
#######.##.# #...@g.#
.........#.# #....†.#
.######..#.# #.........
##.#.# #........... #...#
#........... #...#
#........... #....
######.....) ###.# ...... #.#
.>#


You could see a gnoll.

Vanquished Creatures
  Ijyb (D:2)
  2 gnolls (D:2)
  An adder (D:2)
  3 dart slugs
  3 leopard geckos
  3 giant cockroaches
  13 hobgoblins
  7 bats
  3 frilled lizards
  2 goblins (D:2)
  6 kobolds
  8 rats
52 creatures vanquished.

Notes
Turn   | Place    | Note
-------+----------+-------------------------------------------
     0 | D:1      | Shoikan the Minotaur Berserker began the quest for the Orb.
     0 | D:1      | Reached XP level 1. HP: 19/19 MP: 0/0
   201 | D:1      | Reached skill level 4 in Maces & Flails
   226 | D:1      | Reached XP level 2. HP: 24/26 MP: 1/1
  1001 | D:2      | Reached skill level 5 in Maces & Flails
  1234 | D:2      | Reached XP level 3. HP: 29/31 MP: 2/2
  1331 | D:2      | Reached ** piety under Trog
  1348 | D:2      | Noticed Ijyb
  1359 | D:2      | Killed Ijyb
  1359 | D:2      | Reached XP level 4. HP: 30/39 MP: 3/3
  1673 | D:2      | Reached skill level 6 in Maces & Flails
  1880 | D:2      | Slain by a gnoll

Skill      XL: |  1  2  3  4 |
---------------+-------------+-----
Maces & Flails | 4 5 6 |  6.4
Fighting       | |  3.6
Armour         | |  2.4
Dodging        | |  2.1
Stealth        | |  0.8

Action                   |  1- 3 |  4- 6 || total
-------------------------+-------+-------++-------
Melee: Mace              |    73 |    52 ||   125
       Headbutt          |    12 |     9 ||    21
  Use: Scroll            |     2 |     2 ||     4
  Eat: Chunk             |     1 |     2 ||     3
Armor: Animal skin       |    11 |     4 ||    15
       Leather armour    |       |    11 ||    11
Dodge: Dodged            |    49 |    32 ||    81
Block: Buckler           |       |     8 ||     8
